| TOP OF THE 1ST |
|
Madison Brewers batting - Pitching for Palm Beach Nationals : RHP Kiyonaga Nakamura
|
|
Pitching: RHP Kiyonaga Nakamura
|
|
|
Batting: LHB Tony Hasbun
|
0-0: Ball 1-0: Called Strike 1-1: Ground out 6-3 (Groundball, 56, EV 98.1 MPH)
|
|
Batting: LHB Jesus Huante
|
0-0: Ball 1-0: Called Strike 1-1: Foul Ball, location: 2F 1-2: Ball 2-2: Foul Ball, location: 2F 2-2: Foul Ball, location: 2F 2-2: Ball 3-2: SINGLE (Line Drive, 4MD, EV 108.8 MPH)
|
|
Batting: RHB Steve Errico
|
0-0: Called Strike 0-1: Ball 1-1: Grounds into double play, 5-4-3 (Groundball, 56, EV 103.1 MPH)
|
| Top of the 1st over - 0 runs, 1 hit, 0 errors, 0 left on base; Madison 0 - Palm Beach 0 |
| BOTTOM OF THE 1ST |
|
Palm Beach Nationals batting - Pitching for Madison Brewers : RHP Justin Hensley
|
|
Pitching: RHP Justin Hensley
|
|
|
Batting: LHB Chris Williams
|
0-0: Foul Ball, location: 2F 0-1: Foul Ball, location: 2F 0-2: Hit by Pitch
|
|
Batting: RHB Taffounnout Kame
|
0-0: Ball 1-0: SINGLE (Groundball, 6MD, EV 108.1 MPH) Chris Williams to second Runner from 2nd tries for 3rd, OUT! 8-5
|
|
Batting: LHB Vince McLane
|
0-0: Called Strike 0-1: DOUBLE (Line Drive, 7LM, EV 108.1 MPH) Taffounnout Kame to third Runner from 3rd tries for Home, SAFE, no throw by LF
|
|
Batting: RHB Er Le
|
0-0: Ball 1-0: Called Strike 1-1: Ball 2-1: Ball 3-1: Called Strike Vince McLane steals 3rd base 3-2: Base on Balls
|
|
Batting: RHB Steve Kunselman
|
0-0: Called Strike Er Le is caught stealing 2nd base 2-4 0-1: Ball 1-1: SINGLE (Line Drive, 34, EV 102.5 MPH) Vince McLane scores
|
|
Batting: RHB Aaron Bateman
|
0-0: Called Strike Steve Kunselman is caught stealing 2nd base 2-4
|
| Bottom of the 1st over - 2 runs, 3 hits, 0 errors, 0 left on base; Madison 0 - Palm Beach 2 |
| TOP OF THE 2ND |
|
Madison Brewers batting - Pitching for Palm Beach Nationals : RHP Kiyonaga Nakamura
|
|
Batting: LHB Dusty Bryant
|
0-0: Ball 1-0: Fly out, F8 (Flyball, 8LXD, EV 93.8 MPH)
|
|
Batting: LHB Alex Chairez
|
0-0: Ground out U3 (Groundball, 3, EV 90.0 MPH)
|
|
Batting: RHB Manny Olave
|
0-0: Ball 1-0: Foul Ball, location: 2F 1-1: Fly out, F7 (Flyball, 78D, EV 100.6 MPH)
|
| Top of the 2nd over - 0 runs, 0 hits, 0 errors, 0 left on base; Madison 0 - Palm Beach 2 |
| BOTTOM OF THE 2ND |
|
Palm Beach Nationals batting - Pitching for Madison Brewers : RHP Justin Hensley
|
|
Batting: RHB Aaron Bateman
|
0-0: Ball 1-0: Called Strike 1-1: Foul Ball, location: 2F 1-2: Foul Ball, location: 2F 1-2: Ball 2-2: Ball 3-2: Base on Balls
|
|
Batting: RHB Scott Merritt
|
0-0: Ball 1-0: Foul Ball, location: 2F 1-1: Ball 2-1: Grounds into double play, 6-4-3 (Groundball, 6M, EV 89.4 MPH)
|
|
Batting: RHB Kenny Ball
|
0-0: Ball 1-0: Ball 2-0: Called Strike 2-1: Foul Ball, location: 2F 2-2: Ball 3-2: Base on Balls
|
|
Batting: RHB Joe Simmelink
|
0-0: Ball 1-0: Called Strike 1-1: Ball 2-1: Swinging Strike 2-2: Strikes out looking
|
| Bottom of the 2nd over - 0 runs, 0 hits, 0 errors, 1 left on base; Madison 0 - Palm Beach 2 |
| TOP OF THE 3RD |
|
Madison Brewers batting - Pitching for Palm Beach Nationals : RHP Kiyonaga Nakamura
|
|
Batting: RHB Justin Marino
|
0-0: Called Strike 0-1: Called Strike 0-2: Ground out U3 (Groundball, 34, EV 103.1 MPH)
|
|
Batting: RHB Xiao-shuang Au
|
0-0: Ball 1-0: Ball 2-0: DOUBLE (Line Drive, 89D, EV 106.2 MPH)
|
|
Batting: RHB Malcolm McCauley
|
0-0: Fly out, F9 (Flyball, 89D, EV 93.8 MPH)
|
|
Batting: LHB Tony Hasbun
|
0-0: Ball 1-0: Fly out, F7 (Flyball, 7D, EV 101.2 MPH)
|
| Top of the 3rd over - 0 runs, 1 hit, 0 errors, 1 left on base; Madison 0 - Palm Beach 2 |
| BOTTOM OF THE 3RD |
|
Palm Beach Nationals batting - Pitching for Madison Brewers : RHP Justin Hensley
|
|
Batting: LHB Chris Williams
|
0-0: Called Strike 0-1: Foul Ball, location: 2F 0-2: Ball 1-2: Ball 2-2: Ball 3-2: Base on Balls
|
|
Batting: RHB Taffounnout Kame
|
0-0: SINGLE (Groundball, 34D, EV 101.9 MPH) Chris Williams to second Runner from 2nd tries for 3rd, SAFE, no throw by RF
|
|
Batting: LHB Vince McLane
|
0-0: Called Strike 0-1: Swinging Strike 0-2: Foul Ball, location: 2F 0-2: Ball 1-2: Foul Ball, location: 2F 1-2: Foul Ball, location: 2F 1-2: 3-RUN HOME RUN (Flyball, 89XD, EV 110.0 MPH), Distance : 416 ft
|
|
Batting: RHB Er Le
|
0-0: Called Strike 0-1: Ball 1-1: SINGLE (Line Drive, 4M, EV 105.6 MPH)
|
|
Batting: RHB Steve Kunselman
|
0-0: Ball Er Le is caught stealing 2nd base 2-4 1-0: Ground out 5-3 (Groundball, 56, EV 102.5 MPH)
|
|
Batting: RHB Aaron Bateman
|
0-0: Ball 1-0: Ball 2-0: Ground out 4-3 (Groundball, 4, EV 78.1 MPH)
|
| Bottom of the 3rd over - 3 runs, 3 hits, 0 errors, 0 left on base; Madison 0 - Palm Beach 5 |
| TOP OF THE 4TH |
|
Madison Brewers batting - Pitching for Palm Beach Nationals : RHP Kiyonaga Nakamura
|
|
Batting: LHB Jesus Huante
|
0-0: Called Strike 0-1: Foul Ball, location: 2F 0-2: Ball 1-2: Fly out, F9 (Flyball, 9D, EV 91.9 MPH)
|
|
Batting: RHB Steve Errico
|
0-0: DOUBLE (Line Drive, 78XD, EV 108.1 MPH)
|
|
Batting: LHB Dusty Bryant
|
0-0: Foul Ball, location: 2F 0-1: Ball 1-1: Ball 2-1: Fly out, F9 (Line Drive, 9D, EV 89.4 MPH) Runner from 2nd tags up, SAFE at 3rd, no throw by RF
|
|
Batting: LHB Alex Chairez
|
0-0: Ball 1-0: Foul Ball, location: 2F 1-1: Foul Ball, location: 2F 1-2: Strikes out swinging
|
| Top of the 4th over - 0 runs, 1 hit, 0 errors, 1 left on base; Madison 0 - Palm Beach 5 |
| BOTTOM OF THE 4TH |
|
Palm Beach Nationals batting - Pitching for Madison Brewers : RHP Justin Hensley
|
|
Pitching: RHP Tony Beaumond
|
|
|
Batting: RHB Scott Merritt
|
0-0: Fly out, F4 (Popup, 34, EV 71.9 MPH)
|
|
Batting: RHB Kenny Ball
|
0-0: Foul Ball, location: 2F 0-1: SOLO HOME RUN (Flyball, 7D, EV 106.2 MPH), Distance : 409 ft
|
|
Batting: RHB Joe Simmelink
|
0-0: Ball 1-0: Ball 2-0: Ball 3-0: Called Strike 3-1: Called Strike 3-2: Ground out 6-3 (Groundball, 6MD, EV 79.4 MPH)
|
|
Batting: LHB Chris Williams
|
0-0: Ball 1-0: Foul Ball, location: 2F 1-1: Foul Ball, location: 2F 1-2: Ball 2-2: Foul Ball, location: 2F 2-2: Fly out, F7 (Line Drive, 7S, EV 93.8 MPH)
|
| Bottom of the 4th over - 1 run, 1 hit, 0 errors, 0 left on base; Madison 0 - Palm Beach 6 |
| TOP OF THE 5TH |
|
Madison Brewers batting - Pitching for Palm Beach Nationals : RHP Kiyonaga Nakamura
|
|
Batting: RHB Manny Olave
|
0-0: Ball 1-0: Called Strike 1-1: Ball 2-1: DOUBLE (Flyball, 78D, EV 97.5 MPH)
|
|
Batting: RHB Justin Marino
|
0-0: Ball 1-0: Ball 2-0: Called Strike 2-1: Fly out, F8 (Flyball, 8RD, EV 80.0 MPH)
|
|
Batting: RHB Xiao-shuang Au
|
0-0: SINGLE (Groundball, 6, EV 96.9 MPH) Manny Olave to third
|
|
Batting: RHB Malcolm McCauley
|
0-0: Called Strike Xiao-shuang Au steals 2nd base 0-1: Foul Ball, location: 2F 0-2: Ball 1-2: Strikes out swinging
|
|
Batting: LHB Tony Hasbun
|
0-0: Ball 1-0: Ball 2-0: Fly out, F5 (Flyball, 56D, EV 83.1 MPH)
|
| Top of the 5th over - 0 runs, 2 hits, 0 errors, 2 left on base; Madison 0 - Palm Beach 6 |
| BOTTOM OF THE 5TH |
|
Palm Beach Nationals batting - Pitching for Madison Brewers : RHP Tony Beaumond
|
|
Batting: RHB Taffounnout Kame
|
0-0: Fly out, F8 (Flyball, 8LD, EV 97.5 MPH)
|
|
Batting: LHB Vince McLane
|
0-0: Ball 1-0: Ball 2-0: Foul Ball, location: 2F 2-1: Ball 3-1: Foul Ball, location: 2F 3-2: Foul Ball, location: 2F 3-2: Ground out 3-1 (Groundball, 34, EV 108.1 MPH)
|
|
Batting: RHB Er Le
|
0-0: Called Strike 0-1: DOUBLE (Line Drive, 7LM, EV 91.9 MPH)
|
|
Batting: RHB Steve Kunselman
|
0-0: Ball 1-0: Ball 2-0: Ball 3-0: Called Strike 3-1: Foul Ball, location: 2F 3-2: Foul Ball, location: 2F 3-2: Foul Ball, location: 2F 3-2: Foul Ball, location: 2F 3-2: Foul Ball, location: 2F 3-2: Ground out 1-3 (Groundball, 15, EV 70.0 MPH)
|
| Bottom of the 5th over - 0 runs, 1 hit, 0 errors, 1 left on base; Madison 0 - Palm Beach 6 |
| TOP OF THE 6TH |
|
Madison Brewers batting - Pitching for Palm Beach Nationals : RHP Kiyonaga Nakamura
|
|
Batting: LHB Jesus Huante
|
0-0: Ball 1-0: Ball 2-0: Called Strike 2-1: Ball 3-1: Base on Balls
|
|
Pitching: RHP Jessie Fisher
|
|
|
Batting: RHB Steve Errico
|
0-0: Called Strike 0-1: DOUBLE (Line Drive, 78M, EV 102.5 MPH) Jesus Huante to third
|
|
Batting: LHB Dusty Bryant
|
0-0: Ball 1-0: Called Strike 1-1: Foul Ball, location: 2F 1-2: Ball 2-2: Fly out, F9 (Line Drive, 9LS, EV 107.5 MPH)
|
|
Batting: LHB Alex Chairez
|
0-0: Called Strike 0-1: Ground out U3 (Groundball, 3, EV 89.4 MPH)
|
|
Pinch Hitting: LHB Steven Donovan
|
0-0: Ball 1-0: Foul Ball, location: 2F 1-1: Called Strike 1-2: Ball 2-2: Ball 3-2: Foul Ball, location: 2F 3-2: Ground out 6-3 (Groundball, 6, EV 105.6 MPH)
|
| Top of the 6th over - 0 runs, 1 hit, 0 errors, 2 left on base; Madison 0 - Palm Beach 6 |
| BOTTOM OF THE 6TH |
|
Palm Beach Nationals batting - Pitching for Madison Brewers : RHP Tony Beaumond
|
|
Now in LF: Steven Donovan
|
|
|
Batting: RHB Aaron Bateman
|
0-0: Called Strike 0-1: SINGLE (Groundball, 6MD, EV 96.2 MPH)
|
|
Batting: RHB Scott Merritt
|
0-0: Ball 1-0: Ball 2-0: Fly out, F8 (Flyball, 89M, EV 80.6 MPH)
|
|
Batting: RHB Kenny Ball
|
0-0: Ball Aaron Bateman is caught stealing 2nd base 2-4 1-0: Called Strike 1-1: Fly out, F9 (Flyball, 89M, EV 86.2 MPH)
|
| Bottom of the 6th over - 0 runs, 1 hit, 0 errors, 0 left on base; Madison 0 - Palm Beach 6 |
| TOP OF THE 7TH |
|
Madison Brewers batting - Pitching for Palm Beach Nationals : RHP Jessie Fisher
|
|
Batting: RHB Justin Marino
|
0-0: SINGLE (Line Drive, 9S, EV 100.0 MPH)
|
|
Batting: RHB Xiao-shuang Au
|
0-0: Ball Justin Marino steals 2nd base 1-0: Ball Wild Pitch! Justin Marino to third 2-0: Called Strike 2-1: Foul Ball, location: 2F 2-2: Fly out, F7 (Line Drive, 78M, EV 97.5 MPH) Runner from 3rd tags up, SCORES, throw by LF
|
|
Pinch Hitting: RHB Wiliama Dana
|
0-0: Ball 1-0: Ball 2-0: Foul Ball, location: 2F 2-1: Ground out U3 (Groundball, 3, EV 101.9 MPH)
|
|
Batting: LHB Tony Hasbun
|
0-0: Ball 1-0: Ball 2-0: Ball 3-0: Called Strike 3-1: Base on Balls
|
|
Batting: LHB Jesus Huante
|
0-0: Ball Tony Hasbun steals 2nd base 1-0: Ball 2-0: Ball 3-0: Base on Balls
|
|
Batting: RHB Steve Errico
|
0-0: Called Strike 0-1: Ball 1-1: Called Strike 1-2: Ground out 1-3 (Groundball, 15S, EV 63.8 MPH)
|
| Top of the 7th over - 1 run, 1 hit, 0 errors, 2 left on base; Madison 1 - Palm Beach 6 |
| BOTTOM OF THE 7TH |
|
Palm Beach Nationals batting - Pitching for Madison Brewers : RHP Tony Beaumond
|
|
Now in CF: Todd Massad
|
|
|
Pinch Hitting: RHB Jelexiz Cuenca
|
0-0: Called Strike 0-1: Ball 1-1: DOUBLE (Line Drive, 5D, EV 104.4 MPH)
|
|
Batting: LHB Chris Williams
|
0-0: Foul Ball, location: 2F 0-1: Called Strike 0-2: Foul Ball, location: 2F 0-2: Foul Ball, location: 2F 0-2: Hit by Pitch
|
|
Batting: RHB Taffounnout Kame
|
0-0: SINGLE (Flyball, 34D, EV 96.9 MPH) Jelexiz Cuenca to third Chris Williams to second
|
|
Batting: LHB Vince McLane
|
0-0: Ball 1-0: Ball 2-0: Ball 3-0: Base on Balls Jelexiz Cuenca scores Chris Williams to third Taffounnout Kame to second
|
|
Batting: RHB Er Le
|
0-0: Swinging Strike 0-1: Swinging Strike 0-2: Ball 1-2: Fly out, F7 (Line Drive, 7D, EV 90.6 MPH) Runner from 3rd tags up, SCORES, no throw by LF Taffounnout Kame to third
|
|
Batting: RHB Steve Kunselman
|
0-0: Called Strike 0-1: Ball 1-1: Ball 2-1: Called Strike Vince McLane steals 2nd base 2-2: Foul Ball, location: 2F 2-2: Ball 3-2: SINGLE (Groundball, 4MD, EV 101.2 MPH) (infield hit) Taffounnout Kame scores Vince McLane to third
|
|
Pitching: RHP Lorenzo Diaz
|
|
|
Batting: RHB Aaron Bateman
|
0-0: Swinging Strike 0-1: Called Strike Balk! Vince McLane scores Steve Kunselman to second 0-2: Ball 1-2: Ball 2-2: Ball Wild Pitch! Steve Kunselman to third 3-2: Base on Balls
|
|
Batting: RHB Scott Merritt
|
0-0: Ball 1-0: Ball 2-0: Foul Ball, location: 2F 2-1: Fly out, F8 (Flyball, 8RD, EV 91.2 MPH) Runner from 3rd tags up, OUT at HOME! 8-2
|
| Bottom of the 7th over - 4 runs, 3 hits, 0 errors, 1 left on base; Madison 1 - Palm Beach 10 |
| TOP OF THE 8TH |
|
Madison Brewers batting - Pitching for Palm Beach Nationals : RHP Jessie Fisher
|
|
Now at 3B: Taffounnout Kame
|
|
|
Now at SS: Jelexiz Cuenca
|
|
|
Batting: LHB Dusty Bryant
|
0-0: SINGLE (Flyball, 56D, EV 88.1 MPH)
|
|
Batting: LHB Alex Chairez
|
0-0: Ball 1-0: Ball 2-0: Ball 3-0: Base on Balls Dusty Bryant to second
|
|
Batting: LHB Steven Donovan
|
0-0: Ball 1-0: Ball Balk! Dusty Bryant to third Alex Chairez to second 2-0: Foul Ball, location: 2F 2-1: Called Strike 2-2: Ball 3-2: SINGLE (Flyball, 56D, EV 95.0 MPH) Dusty Bryant scores Alex Chairez to third
|
|
Pinch Hitting: LHB John Fortin
|
0-0: Ball 1-0: Called Strike 1-1: Ball 2-1: Ball 3-1: Base on Balls Steven Donovan to second
|
|
Batting: RHB Xiao-shuang Au
|
0-0: Ball 1-0: Called Strike Balk! Alex Chairez scores Steven Donovan to third John Fortin to second 1-1: Ball 2-1: DOUBLE (Flyball, 78XD, EV 96.9 MPH) Steven Donovan scores John Fortin scores
|
|
Pinch Hitting: RHB Mohammed bin Ubaida
|
0-0: DOUBLE (Flyball, 89D, EV 105.6 MPH) Xiao-shuang Au scores
|
|
Batting: LHB Tony Hasbun
|
Balk! Mohammed bin Ubaida to third 0-0: Swinging Strike 0-1: Ground out 5-3 (Groundball, 56, EV 86.2 MPH) Mohammed bin Ubaida scores
|
|
Pitching: RHP Mike Hamilton
|
|
|
Batting: LHB Jesus Huante
|
0-0: Ball 1-0: Called Strike 1-1: Ball 2-1: Foul Ball, location: 2F 2-2: Reached on error, E4 (Groundball, 4S, EV 91.2 MPH)
|
|
Batting: RHB Steve Errico
|
0-0: Ball 1-0: Fly out, F8 (Flyball, 78M, EV 73.8 MPH)
|
|
Batting: LHB Dusty Bryant
|
0-0: Foul Ball, location: 2F 0-1: Ball 1-1: Foul Ball, location: 2F 1-2: Ball 2-2: Ball 3-2: Ground out U3 (Groundball, 3L, EV 90.6 MPH)
|
| Top of the 8th over - 6 runs, 4 hits, 1 error, 1 left on base; Madison 7 - Palm Beach 10 |
| BOTTOM OF THE 8TH |
|
Palm Beach Nationals batting - Pitching for Madison Brewers : RHP Lorenzo Diaz
|
|
Now at SS: Mohammed bin Ubaida
|
|
|
Now in CF: John Fortin
|
|
|
Batting: RHB Kenny Ball
|
0-0: Ball 1-0: Ball 2-0: Foul Ball, location: 2F 2-1: Foul Ball, location: 2F 2-2: Ground out 6-3 (Groundball, 6, EV 85.6 MPH)
|
|
Batting: RHB Jelexiz Cuenca
|
0-0: Called Strike 0-1: SINGLE (Groundball, 6MD, EV 108.8 MPH)
|
|
Batting: LHB Chris Williams
|
0-0: Called Strike 0-1: Ball 1-1: Ball 2-1: Foul Ball, location: 2F 2-2: Ball 3-2: Strikes out swinging
|
|
Batting: RHB Taffounnout Kame
|
0-0: Ball Jelexiz Cuenca steals 2nd, throwing error, E2 Jelexiz Cuenca to third 1-0: Ball 2-0: Swinging Strike 2-1: Fly out, F6 (Popup, 4MS, EV 80.0 MPH)
|
| Bottom of the 8th over - 0 runs, 1 hit, 1 error, 1 left on base; Madison 7 - Palm Beach 10 |
| TOP OF THE 9TH |
|
Madison Brewers batting - Pitching for Palm Beach Nationals : RHP Mike Hamilton
|
|
Batting: LHB Alex Chairez
|
0-0: Called Strike 0-1: Ground out 4-3 (Groundball, 4, EV 108.8 MPH)
|
|
Batting: LHB Steven Donovan
|
0-0: Ball 1-0: Ball 2-0: Called Strike 2-1: Ball 3-1: Base on Balls
|
|
Batting: LHB John Fortin
|
0-0: Ball Wild Pitch! Steven Donovan to second 1-0: Called Strike 1-1: Foul Ball, location: 2F 1-2: Ball Wild Pitch! Steven Donovan to third 2-2: Foul Ball, location: 2F 2-2: Ball Wild Pitch! Steven Donovan scores 3-2: SOLO HOME RUN (Flyball, 89XD, EV 102.5 MPH), Distance : 415 ft
|
|
Batting: RHB Xiao-shuang Au
|
0-0: Called Strike 0-1: Foul Ball, location: 2F 0-2: SINGLE (Groundball, 6M, EV 97.5 MPH)
|
|
Batting: RHB Mohammed bin Ubaida
|
0-0: Ball 1-0: Called Strike 1-1: Ball 2-1: 2-RUN HOME RUN (Flyball, 7D, EV 101.9 MPH), Distance : 396 ft
|
|
Batting: LHB Tony Hasbun
|
0-0: Ball 1-0: DOUBLE (Flyball, 89XD, EV 104.4 MPH)
|
|
Batting: LHB Jesus Huante
|
0-0: Ball Wild Pitch! Tony Hasbun to third 1-0: Foul Ball, location: 2F 1-1: Fly out, F8 (Flyball, 8RD, EV 105.6 MPH) Runner from 3rd tags up, SCORES, throw by CF
|
|
Batting: RHB Steve Errico
|
0-0: Ball 1-0: Ball 2-0: Called Strike 2-1: Ball 3-1: Foul Ball, location: 2F 3-2: Foul Ball, location: 2F 3-2: Foul Ball, location: 2F 3-2: Foul Ball, location: 2F 3-2: Base on Balls
|
|
Batting: LHB Dusty Bryant
|
0-0: Ball 1-0: Called Strike 1-1: Ball 2-1: Ball 3-1: Base on Balls Steve Errico to second
|
|
Batting: LHB Alex Chairez
|
0-0: Ball 1-0: Ball 2-0: Ball 3-0: Foul Ball, location: 2F 3-1: Base on Balls Steve Errico to third Dusty Bryant to second
|
|
Batting: LHB Steven Donovan
|
0-0: Ball 1-0: Ball 2-0: Ball 3-0: Base on Balls Steve Errico scores Dusty Bryant to third Alex Chairez to second
|
|
Pitching: RHP Vasag Semerjian
|
|
|
Batting: LHB John Fortin
|
0-0: Ball 1-0: Ball 2-0: Called Strike 2-1: Called Strike 2-2: TRIPLE (Flyball, 89XD, EV 106.2 MPH) Dusty Bryant scores Alex Chairez scores Steven Donovan scores
|
|
Batting: RHB Xiao-shuang Au
|
0-0: Ball 1-0: Swinging Strike 1-1: Ball 2-1: Foul Ball, location: 2F 2-2: Ball 3-2: Foul Ball, location: 2F 3-2: Base on Balls
|
|
Batting: RHB Mohammed bin Ubaida
|
0-0: Foul Ball, location: 2F 0-1: Ball 1-1: Foul Ball, location: 2F 1-2: Ball Wild Pitch! John Fortin scores Xiao-shuang Au to second 2-2: Ball 3-2: SINGLE (Groundball, 6D, EV 102.5 MPH) Xiao-shuang Au to third Runner from 3rd tries for Home, SAFE, throw by CF to home
|
|
Batting: LHB Tony Hasbun
|
0-0: Fly out, F7 (Flyball, 7, EV 82.5 MPH)
|
| Top of the 9th over - 11 runs, 6 hits, 0 errors, 1 left on base; Madison 18 - Palm Beach 10 |
| BOTTOM OF THE 9TH |
|
Palm Beach Nationals batting - Pitching for Madison Brewers : RHP Lorenzo Diaz
|
|
Batting: LHB Vince McLane
|
0-0: Ball 1-0: Ball 2-0: Ball 3-0: Base on Balls
|
|
Pinch Hitting: RHB Akira Ishihara
|
0-0: Ball 1-0: Foul Ball, location: 2F 1-1: Called Strike 1-2: Strikes out swinging
|
|
Batting: RHB Steve Kunselman
|
0-0: Ball 1-0: Foul Ball, location: 2F 1-1: Swinging Strike 1-2: Ball 2-2: Ball 3-2: Foul Ball, location: 2F 3-2: Fly out, F8 (Flyball, 8RD, EV 86.2 MPH)
|
|
Batting: RHB Aaron Bateman
|
0-0: TRIPLE (Flyball, 9LD, EV 87.5 MPH) Vince McLane scores
|
|
Batting: RHB Scott Merritt
|
0-0: Ground out 4-3 (Groundball, 4, EV 100.6 MPH)
|
| Bottom of the 9th over - 1 run, 1 hit, 0 errors, 1 left on base; Madison 18 - Palm Beach 11 |
|